 Dungeon Sprint DCSS version 0.16-a0-3781-g2316936 (console) character file.

1857 Monkaria the Executioner (level 9, -15/85 HPs)
             Began as a Hill Orc Fighter on Jan 25, 2015.
             Was a Follower of Makhleb.
             Killed from afar by an oklob plant (18 damage)
             ... with a splash of acid
             ... in the Dungeon (Sprint I: "Red Sonja").
             The game lasted 00:01:56 (1267 turns).

Monkaria the Executioner (Hill Orc Fighter)         Turns: 1267, Time: 00:01:57

Health: -15/85     AC:  1    Str: 22    XL:     9   Next: 13%
Magic:  9/9        EV:  7    Int:  8    God:    Makhleb [*.....]
Gold:   419        SH:  9    Dex: 10    Spells: 0 memorised, 8 levels left

rFire  . . .     SeeInvis .     a - +0 war axe
rCold  . . .     Clarity  .     b - +0 scale mail
rNeg   . . .     SustAb   .     c - +0 shield
rPois  .         Gourm    .     (no helmet)
rElec  .         Spirit   .     (no cloak)
rCorr  .         Warding  .     (no gloves)
rMut   .         NoTele   +     (no boots)
MR     .....                    (no amulet)
Stlth  ..........               (no ring)
                                (no ring)

@: corroded equipment, not resistant to hostile enchantments, extremely
unstealthy
A: no striking features
a: Renounce Religion


You were in the Dungeon.
You worshipped Makhleb.
Makhleb was aware of your devotion.
You were near starving.

You visited 1 branch You collected 419 gold pieces.

Inventory:

Hand weapons
 a - a +0 war axe (weapon)
Armour
 b - a +0 scale mail (worn)
 c - a +0 shield (worn)
Scrolls
 j - 2 scrolls of identify {unknown}
 k - a scroll of blinking
Potions
 e - a potion of might
 f - a potion of curing
 g - a potion of heal wounds
 h - a potion of haste
 i - 2 potions of magic
 l - 2 potions of brilliance {unknown}
Comestibles
 d - a meat ration


   Skills:
 - Level 10.0 Fighting
 * Level 21.3 Axes
 - Level 3.2 Armour
 - Level 3.2 Shields


You had 8 spell levels left.
You didn't know any spells.

Dungeon Overview and Level Annotations

Branches:
Dungeon (1/1)

Altars:
Cheibriados
Dithmenos
Elyvilon
Fedhas
Gozag
Kikubaaqudgha
Makhleb
Nemelex Xobeh
Okawaru
Qazlal
Ru
Sif Muna
Trog
Vehumet
Xom
Yredelemnul
Zin
The Shining One
Jiyva

Shops:
D *

Annotations:
D exclusion: oklob plant


Message History

You are no longer poisoned.
You see here a wasp corpse.
There is an open door, spattered with blood here.
You open the door.
Marking area around the oklob plant as unsafe for travelling.
An oklob plant comes into view.
The oklob plant spits acid at you. The splash of acid hits you!
The acid burns!
There is an open door here.
You hit the oklob plant but do no damage.
You slash the oklob plant!
The oklob plant is lightly damaged.
The oklob plant spits acid at you. The splash of acid hits you!
* * * LOW HITPOINT WARNING * * *
The acid corrodes your equipment!
The acid burns!
* * * LOW HITPOINT WARNING * * *
The oklob plant spits acid at you. The splash of acid hits you!
You die...

#############
)..#..'..#__#
#..'..#..'..+
##'#####'#__####
#..#...#.####.§####
####..##)#§§≈.§#§.#
.__##'#..§§≈≈§§§§.#
∩...'..)_#≈≈§§.#@.#
.._##_.#'##+#####'#
___###+#(# #P+ ####
### ###


You could see an oklob plant.

Vanquished Creatures
  2 centaur warriors (D)
  A slime creature (D)
  A yak (D)
  An ogre (D)
  A wasp (D)
  Sigmund (D)
  A jelly (D)
  Ijyb (D)
9 creatures vanquished.

Vanquished Creatures (others)
  A gargoyle (D)
  A wasp (D)
2 creatures vanquished.

Grand Total: 11 creatures vanquished

Notes
Turn   | Place    | Note
--------------------------------------------------------------
     0 | D        | Monkaria, the Hill Orc Fighter, began the quest for the Orb.
     0 | D        | Reached XP level 1. HP: 19/19 MP: 1/1
     1 | D        | Noticed Ijyb
    11 | D        | Killed Ijyb
    11 | D        | Reached skill level 5 in Fighting
    11 | D        | Reached skill level 6 in Axes
    11 | D        | Reached XP level 2. HP: 23/29 MP: 2/2
    80 | D        | Noticed an ogre
    89 | D        | HP: 1/29 [ogre/giant spiked club (3)]
    92 | D        | Killed an ogre
    92 | D        | Reached skill level 7 in Fighting
    92 | D        | Reached skill level 9 in Axes
    92 | D        | Reached XP level 3. HP: 2/39 MP: 3/3
    92 | D        | Reached XP level 4. HP: 2/47 MP: 4/4
   392 | D        | Noticed Sigmund
   425 | D        | Killed Sigmund
   425 | D        | Reached skill level 11 in Axes
   425 | D        | Reached XP level 5. HP: 6/56 MP: 5/5
   711 | D        | Found a deep blue altar of Sif Muna.
   712 | D        | Noticed a jelly
   713 | D        | Found a radiant altar of Vehumet.
   717 | D        | Killed a jelly
   717 | D        | Reached skill level 12 in Axes
   784 | D        | Found Smoar's General Store.
   784 | D        | Found a white marble altar of Elyvilon.
   784 | D        | Found a stormy altar of Qazlal.
   784 | D        | Found a burning altar of Makhleb.
   784 | D        | Found a sacrificial altar of Ru.
   784 | D        | Found a basalt altar of Yredelemnul.
   784 | D        | Found a glowing golden altar of the Shining One.
   784 | D        | Found a sparkling altar of Nemelex Xobeh.
   784 | D        | Found a shimmering altar of Xom.
   784 | D        | Found an opulent altar of Gozag.
   784 | D        | Found an ancient bone altar of Kikubaaqudgha.
   784 | D        | Found a glowing silver altar of Zin.
   784 | D        | Noticed a yak
   791 | D        | Killed a yak
   791 | D        | Reached skill level 10 in Fighting
   791 | D        | Reached skill level 13 in Axes
   791 | D        | Reached XP level 6. HP: 50/66 MP: 6/6
   792 | D        | Found an iron altar of Okawaru.
   793 | D        | Found a bloodstained altar of Trog.
   797 | D        | Became a worshipper of Makhleb the Destroyer
   863 | D        | Found a snail-covered altar of Cheibriados.
   863 | D        | Found a viscous altar of Jiyva.
   863 | D        | Found a shadowy altar of Dithmenos.
   863 | D        | Found a blossoming altar of Fedhas.
   863 | D        | Noticed a slime creature
   874 | D        | Killed a slime creature
   874 | D        | Reached skill level 15 in Axes
   874 | D        | Reached XP level 7. HP: 40/72 MP: 7/7
   966 | D        | Killed a wasp
  1018 | D        | Noticed a centaur warrior
  1019 | D        | Noticed a centaur warrior
  1032 | D        | Killed a centaur warrior
  1032 | D        | Acquired Makhleb's first power
  1032 | D        | Reached skill level 19 in Axes
  1032 | D        | Reached XP level 8. HP: 49/79 MP: 8/8
  1036 | D        | Killed a centaur warrior
  1036 | D        | Reached skill level 21 in Axes
  1036 | D        | Reached XP level 9. HP: 53/85 MP: 9/9
  1205 | D        | Killed a gargoyle
  1233 | D        | Noticed a wasp
  1235 | D        | Paralysed by a wasp for 1 turns
  1241 | D        | Killed a wasp
  1263 | D        | Noticed an oklob plant
  1266 | D        | HP: 2/85 [acid (20)]
  1267 | D        | Killed from afar by an oklob plant

Action                   |  1- 3 |  4- 6 |  7- 9 || total
-------------------------+-------+-------+-------++-------
Melee: War axe           |    17 |    35 |    18 ||    70
  Use: Potion            |       |       |     1 ||     1
